 Dungeon Crawl Stone Soup version 0.31-a0-1549-g5ff9445e89 (webtiles) character file.

Game seed: 627217827464346125

1656 gelatine the Chopper (level 8, -1/61 HPs)
             Began as a Demonspawn Fighter on Jan 3, 2024.
             Slain by a boulder beetle (18 damage)
             ... on level 6 of the Dungeon.
             The game lasted 00:11:03 (4639 turns).

gelatine the Chopper (Demonspawn Fighter)           Turns: 4639, Time: 00:11:04

Health: -1/61      AC: 15    Str: 24    XL:     8   Next: 68%
Magic:  8/8        EV: 11    Int:  8    God:
Gold:   382        SH:  5    Dex: 14    Spells: 7/7 levels left

rFire   . . .        a - +0 war axe
rCold   . . .        c - +0 buckler
rNeg    . . .        o - +3 ring mail of Skepticism {rPois Stlth+}
rPois   +            k - +0 helmet
rElec   .            q - +2 cloak
rCorr   .            (no gloves)
SInv    .            (no boots)
Will    +....        f - amulet of regeneration
Stlth   ++           g - +6 ring of strength
HPRegen 1.10/turn    m - ring of willpower
MPRegen 0.11/turn

%: no passive effects
@: no status effects
A: claws 2, slimy green scales 1, foul stench 1
a: no special abilities


You were on level 6 of the Dungeon.
You visited 2 branches of the dungeon, and saw 7 of its levels.

You collected 382 gold pieces.

Inventory:

Hand Weapons
 a - a +0 war axe (weapon)
Missiles
 y - 2 throwing nets
Armour
 c - a +0 buckler (worn)
 k - a +0 helmet (worn)
 o - the +3 ring mail of Skepticism (worn) {rPois Stlth+}
   (You found it on level 6 of the Dungeon)

   rPois:     It protects you from poison Stlth+: It makes you more stealthy.
 q - a +2 cloak (worn)
 s - a +2 chain mail of cold resistance
Jewellery
 b - a ring of resist corrosion
 f - an amulet of regeneration (around neck)
 g - a +6 ring of strength (left claw)
 m - a ring of willpower (right claw)
Wands
 u - a wand of roots (9)
 v - a wand of polymorph (17)
 B - a wand of mindburst (13)
Scrolls
 e - a scroll of poison
 h - a scroll of vulnerability
 p - a scroll of revelation
 r - a scroll of teleportation {unknown}
 w - a scroll of enchant armour {unknown}
 z - a scroll of torment {unknown}
 A - a scroll of brand weapon {unknown}
 C - a scroll of silence
 E - a scroll of fear {unknown}
Potions
 d - 2 potions of might
 i - 4 potions of curing
 j - a potion of haste
 l - 2 potions of heal wounds {unknown}
 n - a potion of attraction {unknown}
 t - 2 potions of magic {unknown}
 x - a potion of mutation {unknown}
 D - a potion of resistance {unknown}


   Skills:
 * Level 4.6 Fighting
 * Level 7.3 Axes
 * Level 5.0 Armour
 * Level 2.7 Dodging
 + Level 1.0 Stealth
 * Level 4.1 Shields
 * Level 0.9 Evocations


You had 7 spell levels left.
You didn't know any spells.
Your spell library contained the following spells:

 Spells                   Type           Power      Damage    Failure   Level
 Cigotuvi's Dreadful Rot  Necr/Alch/Air  0%         N/A       75%         2
 Mercury Vapours          Alch/Air       0%         N/A       75%         2
 Gell's Gravitas          Tloc           0%         N/A       93%         3
 Mephitic Cloud           Conj/Alch/Air  0%         N/A       93%         3
 Teleport Other           Tloc           0%         N/A       93%         3
 Dispel Undead            Necr           0%         3d6       100%        4
 Martyr's Knell           Necr/Summ      0%         N/A       100%        4
 Freezing Cloud           Conj/Ice/Air   0%         6-21      100%        5
 Death Channel            Necr           0%         N/A       100%        6
 Dispersal                Tloc           0%         N/A       100%        6


Dungeon Overview and Level Annotations

Branches:
Dungeon (6/15)             Temple (1/1) D:5

Altars:
Ashenzari
Cheibriados
Fedhas
Kikubaaqudgha
Makhleb
Ru
Sif Muna
Trog
Uskayaw
Vehumet
Wu Jian
Xom
Yredelemnul


Innate Abilities, Weirdness & Mutations

You have very sharp fingernails.
You are partially covered in slimy green scales. (AC +2)
You may rarely emit foul miasma when damaged in melee.


Message History

The boulder beetle bites you.
You hit the boulder beetle but do no damage.
An orc wizard comes into view. It is wielding a +0 trident.
The boulder beetle bites you but does no damage.
Aiming: Polymorph
Press: ? - help, Q - select action, (/) - cycle Shift-Dir - straight line
Okay, then.
Aiming: Mindburst
Press: ? - help, Q - select action, (/) - cycle Shift-Dir - straight line, f - boulder beetle
Aim: a boulder beetle (chance to affect: 51%)
The boulder beetle resists with significant effort.
The orc wizard hits you but does no damage.
The boulder beetle bites you!
* * * LOW HITPOINT WARNING * * *
The boulder beetle attacks as it pursues you!
The boulder beetle bites you!
* * * LOW HITPOINT WARNING * * *
The boulder beetle attacks as it pursues you!
The boulder beetle bites you but does no damage.
The orc wizard points at you and mumbles some strange words.
The puff of flame hits you!
* * * LOW HITPOINT WARNING * * *
The boulder beetle attacks as it pursues you!
You block the boulder beetle's attack.
The orc wizard gestures wildly while chanting.
The orc wizard flickers and vanishes!
Deactivating autopickup; reactivate with Ctrl-A.
An orc wizard comes into view. It is wielding a +0 dagger.
The boulder beetle curls into a ball and begins rolling!
The orc wizard casts a spell.
The orc wizard flickers and vanishes!
A magic dart appears from out of thin air!
The magic dart hits you but does no damage.
The boulder beetle hits you but does no damage.
The boulder beetle stops rolling and uncurls.
The boulder beetle curls into a ball and begins rolling!
A wight comes into view.
It is wielding a +0 falchion of draining.
The boulder beetle attacks as it pursues you!
The boulder beetle hits you!!
You die...

**,,,*#........##..............
**,,,,...........##...#.........
*,*,**...........#..###....##...
**,,**...............#.>....#...
**,,,,.......[##...............
*,,,*.#......[..##...###......
***,*##......######..####.....
***#......<#..#.#....#....#.
#....#).@B○°°#..........#
#....))...#......#......#
##........##....###....{#
##.............##*#....o)
*#......z........##.....##
#...............###.....##
##...........##..#.......#
###.......###............
##.......**............


You could see a boulder beetle (rolling) and a wight.

Vanquished Creatures
  Grinder (D:3)
  Sigmund (D:2)
  Eustachio (D:5)
  A water moccasin (D:6)
  An ice beast (D:5)
  An ogre (D:6)
  A phantom (D:5)
  Blork the orc (D:5)
  A bullfrog (D:6)
  A scorpion (D:5)
  A howler monkey (D:6)
  A hound (D:5)
  2 bombardier beetles
  Crazy Yiuf (D:2)
  An orc priest (D:4)
  Ijyb (D:4)
  Natasha (thrice) (D:2)
  2 iguanas
  An orc wizard (D:3)
  8 gnolls
  6 adders
  3 white imps
  5 ribbon worms
  2 dart slugs
  9 orcs
  11 ball pythons
  6 bats
  7 endoplasms
  5 giant cockroaches
  9 hobgoblins
  4 jackals (D:1)
  13 kobolds
  2 quokkas
  5 frilled lizards
  7 goblins
  5 rats
130 creatures vanquished.

Notes
Turn   | Place    | Note
-------+----------+-------------------------------------------
     0 | D:1      | gelatine the Demonspawn Fighter began the quest for the
                  | Orb.
     0 | D:1      | Reached XP level 1. HP: 18/18 MP: 1/1
   138 | D:1      | Gained mutation: You are partially covered in slimy green
                  | scales. (AC +2) [demonic ancestry]
   138 | D:1      | Reached XP level 2. HP: 24/24 MP: 2/2
   207 | D:1      | Reached skill level 2 in Axes
   324 | D:1      | Reached XP level 3. HP: 24/29 MP: 3/3
   863 | D:2      | Noticed Natasha
   873 | D:2      | Killed Natasha
   874 | D:2      | Reached XP level 4. HP: 35/35 MP: 4/4
   979 | D:2      | Noticed Natasha
   989 | D:2      | Killed Natasha
   990 | D:2      | Reached skill level 3 in Axes
  1017 | D:2      | Noticed Natasha
  1026 | D:2      | Killed Natasha
  1156 | D:2      | Noticed Sigmund
  1164 | D:2      | Gained mutation: You have sharp fingernails. [demonic
                  | ancestry]
  1164 | D:2      | Reached XP level 5. HP: 41/41 MP: 5/5
  1176 | D:2      | Killed Sigmund
  1177 | D:2      | Reached skill level 4 in Axes
  1177 | D:2      | Reached skill level 1 in Dodging
  1177 | D:2      | Reached XP level 6. HP: 47/47 MP: 6/6
  1438 | D:2      | Found a runed translucent door.
  1439 | D:2      | Noticed Crazy Yiuf
  1679 | D:2      | Killed Crazy Yiuf
  1724 | D:3      | Found a faded altar of an unknown god.
  2200 | D:3      | Noticed Grinder
  2217 | D:3      | Killed Grinder
  2218 | D:3      | Reached skill level 5 in Axes
  2218 | D:3      | Gained mutation: You have very sharp fingernails. [demonic
                  | ancestry]
  2218 | D:3      | Reached XP level 7. HP: 47/54 MP: 7/7
  2739 | D:4      | Found a blossoming altar of Fedhas.
  2827 | D:4      | Noticed Ijyb
  2845 | D:4      | Killed Ijyb
  3750 | D:5      | Entered Level 5 of the Dungeon
  3757 | D:5      | Found a shimmering altar of Xom.
  3999 | D:5      | Noticed Eustachio
  4003 | D:5      | Noticed Blork the orc
  4009 | D:5      | Killed Blork the orc
  4010 | D:5      | Reached skill level 6 in Axes
  4021 | D:5      | Killed Eustachio
  4022 | D:5      | Gained mutation: You may rarely emit foul miasma when
                  | damaged in melee. [demonic ancestry]
  4022 | D:5      | Reached XP level 8. HP: 60/61 MP: 8/8
  4037 | D:5      | Found an ornate altar of the Wu Jian Council.
  4152 | D:5      | Found a staircase to the Ecumenical Temple.
  4158 | Temple   | Entered the Ecumenical Temple
  4432 | D:6      | Reached skill level 1 in Stealth
  4518 | D:6      | Identified the +3 ring mail of Skepticism {rPois Stlth+}
  4574 | D:6      | Noticed a boulder beetle
  4596 | D:6      | Reached skill level 7 in Axes
  4621 | D:6      | Reached skill level 5 in Armour
  4639 | D:6      | Slain by a boulder beetle

Illustrated notes

Levels and vault maps discovered:
D:1:      eino_arrival_druids_welcome, layout_rooms, serial_forest,
          infiniplex_forest_end_2, infiniplex_forest_clump_large,
          infiniplex_forest_lined_2, infiniplex_forest_3_way,
          infiniplex_forest_lined_2, infiniplex_forest_corner_1,
          infiniplex_forest_clump_small, lexackson_kobold_supper
D:2:      layout_loops_ring, kennysheep_cluttered_room,
          nicolae_twisty_statue_hallways, uniq_sigmund, uniq_crazy_yiuf_cottage,
          uniq_natasha
D:3:      layout_basic, nicolae_overflow_hidden_temple, basic_ecumenical_altar,
          uniq_grinder
D:4:      layout_basic, mainiacjoe_overflow_alcove_2, uniq_ijyb
D:5:      nicolae_cairo_tiling_large, layout_cave_pools, amcnicky_altar_gilded,
          mainiacjoe_overflow_catch_the_wave, minmay_temple_entry_hall,
          uniq_eustachio, uniq_blork_the_orc
D:6:      layout_cave_pools, moated_statue, grunt_potential
Temple:   nicolae_temple_ecumenical_triangle

Skill      XL: |  1  2  3  4  5  6  7  8 |
---------------+-------------------------+-----
Axes           | 2 3 4 5 6 7 |  7.3
Armour         | 3 4 5 |  5.0
Shields        | 3 4 |  4.1
Dodging        | 1 2 |  2.7
Fighting       | 4 |  4.6
Stealth        | 1 |  1.0
Evocations     | |  0.9

Action                     |  1- 3 |  4- 6 |  7- 9 || total
---------------------------+-------+-------+-------++-------
  Melee: War axe           |   174 |   124 |   196 ||   494
  Evoke: Wand              |       |       |     1 ||     1
    Use: Scroll            |       |       |     8 ||     8
 Armour: Scale mail        |   119 |    54 |       ||   173
         Chain mail        |       |    24 |   122 ||   146
         Ring mail         |       |       |    44 ||    44
  Dodge: Dodged            |    80 |    51 |    93 ||   224
  Block: Buckler           |    33 |    25 |    62 ||   120

Table legend: (Time is in decaauts)
 A = Elapsed time spent in this place.
 B = Non-inter-level travel time spent in this place.
 C = Inter-level travel time spent in this place.
 D = Time resting spent in this place.
 E = Time spent auto-exploring this place.
 F = Levels seen in this place.
 G = Mean time per level.
                   A        B        C        D        E       F      G
               +--------+--------+--------+--------+--------+-----+--------+
         Total |   4793 |   4634 |    159 |    100 |   3251 |   7 |  684.7 |
       Dungeon |   4791 |   4632 |    159 |    100 |   3251 |   6 |  798.5 |
        Temple |      1 |      1 |      0 |      0 |      0 |   1 |    1.0 |
               +--------+--------+--------+--------+--------+-----+--------+

Top non-repeatable levels by time:
     D:4: 1158 daAuts
     D:1: 933 daAuts
     D:3: 917 daAuts
     D:2: 871 daAuts
     D:5: 632 daAuts
     D:6: 278 daAuts
  Temple: 1 daAuts
